 Dungeon Crawl Stone Soup version 0.30-a0-476-g330ca2eb8e (webtiles) character file.

Game seed: 17311336208832986545

316 xzight the Magician (level 6, -5/35 HPs)
             Began as a Deep Elf Fire Elementalist on Dec 22, 2022.
             Slain by Duvessa
             ... wielding a +0 short sword
              (6 damage)
             ... on level 4 of the Dungeon.
             The game lasted 00:10:37 (4283 turns).

xzight the Magician (Deep Elf Fire Elementalist)    Turns: 4283, Time: 00:10:37

Health: -5/35      AC:  2    Str:  5    XL:     6   Next: 20%
Magic:  8/14       EV: 13    Int: 22    God:
Gold:   261        SH:  0    Dex: 15    Spells: 9/14 levels left

rFire   . . .      SeeInvis .    k - +2 dagger (flame)
rCold   . . .      Faith    .    (no shield)
rNeg    . . .      Spirit   .    q - +0 robe
rPois   +          Reflect  .    (no helmet)
rElec   .          Harm     .    (no cloak)
rCorr   +          Rampage  .    (no gloves)
Will    .....                    (no boots)
Stlth   ++........               (no amulet)
HPRegen 0.25/turn                R - ring of resist corrosion
MPRegen 0.14/turn                P - ring of poison resistance

@: no status effects
A: no striking features
a: no special abilities


You were on level 4 of the Dungeon.
You visited 1 branch of the dungeon, and saw 4 of its levels.

You collected 261 gold pieces.


   Skills:
 + Level 1.9 Fighting
 + Level 3.9 Dodging
 - Level 2.4 Stealth
 + Level 4.5 Spellcasting
 + Level 2.9 Conjurations
 + Level 2.1 Translocations
 + Level 4.3 Fire Magic


You had 9 spell levels left.
You knew the following spells:

 Your Spells              Type           Power      Damage    Failure   Level
a - Foxfire               Conj/Fire      84%        2x1d8     2%          1
b - Scorch                Fire           48%        2d7       2%          2
e - Blink                 Tloc           28%        N/A       7%          2

Your spell library contained the following spells:

 Spells                   Type           Power      Damage    Failure   Level
 Apportation              Tloc           28%        N/A       4%          1
 Momentum Strike          Conj/Tloc      32%        3d8       5%          2
 Necrotise                Necr           16%        1d4       11%         1
 Slow                     Hex            16%        N/A       11%         1
 Summon Small Mammal      Summ           16%        N/A       11%         1
 Gell's Gravitas          Tloc           14%        N/A       13%         3
 Inner Flame              Hex/Fire       14%        N/A       13%         3
 Kindle Blastsparks       Fire/Tloc/Air  28%        2d12      13%         3
 Lesser Beckoning         Tloc           28%        N/A       13%         3
 Teleport Other           Tloc           14%        N/A       13%         3
 Flame Wave               Conj/Fire      21%        2d8       24%         4
 Confusing Touch          Hex            4%         N/A       32%         3
 Vampiric Draining        Necr           4%         2d6       32%         3

Inventory:

Hand Weapons
 k - a +2 dagger of flaming (weapon)
Missiles
 o - a throwing net {=f}
Armour
 q - a +0 robe (worn)
Jewellery
 P - a ring of poison resistance (right hand)
 R - a ring of resist corrosion (left hand)
Scrolls
 c - a scroll of torment {unknown}
 e - a scroll of enchant armour {unknown}
 f - 3 scrolls of teleportation {unknown}
 g - 4 scrolls of identify {unknown}
 h - a scroll of fog {unknown}
 i - a scroll of fear {unknown}
 j - a scroll of poison
 l - a scroll of noise {unknown}
 m - a scroll of amnesia {unknown}
 p - a scroll of brand weapon
 r - 2 scrolls of magic mapping {unknown}
Potions
 b - 2 potions of magic
 s - a potion of mutation {unknown}

Dungeon Overview and Level Annotations

Branches:
Dungeon (4/15)
 Temple: D:4-7

Altars:
Cheibriados
Kikubaaqudgha

Annotations:
D:1 2 runed translucent doors
D:4 Dowan, Duvessa

######
####§§§§########
##§§§§§@§§§§§§§..
#§§§e§§§e§§######
#§###§§§§§§#
#...#§§§§§§#
#####.#§######
#####.....#§#
#.).......§§#
#.#####.###§##
#.#####......###


You could see Duvessa (fast) and Dowan (empowered).


Message History

Duvessa closely misses you. Dowan hits you with a +0 dagger.
Duvessa hits you with a +0 short sword!
* * * LOW HITPOINT WARNING * * *
Duvessa barely misses you.
It was a potion of cancellation.
Your magical effects are unravelling.
You feel magically purged.
You are no longer glowing.
Duvessa closely misses you.
Dowan mumbles some strange words.
Dowan blinks!
It was a potion of curing.
You feel better. Duvessa hits you but does no damage.
Dowan casts a spell at you. The puff of flame hits you!
* * * LOW HITPOINT WARNING * * *
Duvessa barely misses you.
As you read the scroll labelled BAIBLA FENY, it crumbles to dust.
It is a scroll of brand weapon.
Your +2 dagger of venom is engulfed in flames!
k - a +2 dagger of flaming (weapon)
Dowan is no longer more vulnerable to fire.
Duvessa closely misses you.
Dowan points at you and mumbles some strange words.
The puff of frost hits you.
* * * LOW HITPOINT WARNING * * *
The air fills with toxic fumes!
As you read the scroll labelled UWEDUA IDAAM, it crumbles to dust.
It was a scroll of poison.
Duvessa hits you with a +0 short sword.
You die...

Skill      XL: |  1  2  3  4  5 |
---------------+----------------+-----
Dodging        | 3 |  3.9
Fighting       | 1 |  1.9
Conjurations   | 2 |  2.9
Translocations | 1 2 |  2.1
Spellcasting   | 4 |  4.5
Fire Magic     | 4 |  4.3
Stealth        | |  2.4

Action                   |  1- 3 |  4- 6 || total
-------------------------+-------+-------++-------
Melee: Unarmed           |     4 |       ||     4
       Dagger            |       |     3 ||     3
 Cast: Foxfire           |    84 |    37 ||   121
       Scorch            |     3 |    38 ||    41
       Blink             |     1 |       ||     1
  Use: Potion            |       |     5 ||     5
       Scroll            |       |     2 ||     2
Armor: Robe              |     4 |     7 ||    11
       Skin              |       |     5 ||     5
Dodge: Dodged            |    21 |    33 ||    54

Levels and vault maps discovered:
D:1:      erik_arrival_cave_to_civilisation [erik_arrival_cave_to_temple],
          layout_loops_corners, minmay_pentomino_p4
D:2:      layout_loops_ring, basic_altar, ebering_ecumenical_altar_webs,
          minmay_misc_feat_five, minmay_misc_feat_plants
D:3:      layout_loops_ring, gammafunk_temple_overflow_pools,
          wander_ebering_terrifying_dragon_lair
D:4:      layout_basic, lightli_sewer_entry_pipes, minmay_quantized,
          uniq_duvessa

Notes
Turn   | Place    | Note
-------+----------+-------------------------------------------
     0 | D:1      | xzight the Deep Elf Fire Elementalist began the quest for
                  | the Orb.
     0 | D:1      | Reached XP level 1. HP: 10/10 MP: 6/6
   155 | D:1      | Found a large runed translucent door.
   155 | D:1      | Found a large runed translucent door.
   167 | D:1      | Reached XP level 2. HP: 16/16 MP: 4/8
   680 | D:1      | Learned a level 2 spell: Blink
   786 | D:1      | Reached XP level 3. HP: 20/20 MP: 5/9
  1307 | D:1      | Noticed a troll
  1479 | D:2      | Reached skill level 3 in Dodging
  1482 | D:2      | Learned a level 2 spell: Scorch
  1527 | D:2      | Reached skill level 1 in Fighting
  1678 | D:2      | Found a faded altar of an unknown god.
  2105 | D:2      | Found an ancient bone altar of Kikubaaqudgha.
  2150 | D:2      | Reached skill level 2 in Conjurations
  2347 | D:3      | Reached XP level 4. HP: 25/25 MP: 8/11
  2583 | D:3      | Reached skill level 1 in Translocations
  2959 | D:3      | Found a snail-covered altar of Cheibriados.
  2959 | D:3      | Found an ancient bone altar of Kikubaaqudgha.
  3309 | D:4      | Noticed a scorpion
  3312 | D:4      | Killed a scorpion
  3313 | D:4      | Reached skill level 4 in Spellcasting
  3313 | D:4      | Reached skill level 4 in Fire Magic
  3313 | D:4      | Reached XP level 5. HP: 29/29 MP: 7/13
  3792 | D:4      | Reached skill level 2 in Translocations
  3792 | D:4      | Reached XP level 6. HP: 35/35 MP: 10/14
  3893 | D:4      | HP: 2/35 [river rat (3)]
  4265 | D:4      | Noticed Dowan
  4267 | D:4      | Noticed Duvessa
  4282 | D:4      | HP: 1/35 [Dowan/puff of frost (6)]
  4283 | D:4      | Slain by Duvessa

Vanquished Creatures
  A scorpion (D:4)
  An orc priest (D:3)
  2 hounds (D:4)
  An orc wizard (D:4)
  An adder (D:4)
  A river rat (D:4)
  6 worms
  3 dart slugs
  15 orcs
  7 endoplasms
  4 giant cockroaches
  7 goblins
  8 hobgoblins
  2 jackals (D:1)
  3 quokkas
  5 ball pythons
  5 bats
  3 frilled lizards
  5 kobolds
  10 rats
90 creatures vanquished.

Vanquished Creatures (others)
  176 foxfires
176 creatures vanquished.

Grand Total: 266 creatures vanquished

Table legend: (Time is in decaauts)
 A = Elapsed time spent in this place.
 B = Non-inter-level travel time spent in this place.
 C = Inter-level travel time spent in this place.
 D = Time resting spent in this place.
 E = Time spent auto-exploring this place.
 F = Levels seen in this place.
 G = Mean time per level.
                   A        B        C        D        E       F      G
               +--------+--------+--------+--------+--------+-----+--------+
         Total |   4304 |   4265 |     39 |    887 |   2745 |   4 | 1076.0 |
       Dungeon |   4304 |   4265 |     39 |    887 |   2745 |   4 | 1076.0 |
               +--------+--------+--------+--------+--------+-----+--------+

Top non-repeatable levels by time:
     D:1: 1474 daAuts
     D:4: 997 daAuts
     D:3: 963 daAuts
     D:2: 868 daAuts

Table legend:
 A = Non-vault XP
 B = Vault XP
 C = Vault XP percentage of total XP
 D = Non-vault monster count
 E = Vault monster count
 F = Vault count percentage of total count
                 A         B        C        D         E       F
            +---------+---------+-------+---------+---------+-------
      Total |     387 |      65 |  14.4 |      73 |      17 |  18.9
            +---------+---------+-------+---------+---------+-------
        D:1 |      40 |      13 |  24.5 |      23 |       6 |  20.7
        D:2 |      43 |       0 |   0.0 |      19 |       0 |   0.0
        D:3 |      68 |       1 |   1.4 |      13 |       1 |   7.1
        D:4 |     236 |      51 |  17.8 |      18 |      10 |  35.7
            +---------+---------+-------+---------+---------+-------
